 Dungeon Crawl Stone Soup version 0.15-a0-1798-g4683f23 (webtiles) character file.

212809 Impoz the Bludgeoner (level 18, -5/112 HPs)
             Began as a Gargoyle Fighter on June 28, 2014.
             Was the Champion of Makhleb.
             Hit by a javelin of penetration thrown by a merfolk javelineer (25 damage)
             ... on Level 5 of the Shoals on June 30, 2014.
             The game lasted 04:58:39 (42613 turns).

Impoz the Bludgeoner (Gargoyle Fighter)            Turns: 42613, Time: 04:58:39

HP  -5/112       AC 36     Str 22      XL: 18   Next: 42%
MP  36/36        EV  9     Int 18      God: Makhleb [******]
Gold 1052        SH 14     Dex 15      Spells:  5 memorised, 25 levels left

rFire  . . .     SeeInvis +     C - +8 demon whip of Pleprowe {drain, MR+}
rCold  . . .     Clarity  .     Z - +5 scale mail of the Sky {Int+3 SInv}
rNeg   + . .     rCorr    .     c - +0 shield
rPois  +         rRot     +     w - +0 helmet
rElec  +         Spirit   .     e - +0 cloak
SustAb .         Warding  .     m - +1 pair of gloves {archery}
rMut   .         Stasis   .     M - +0 pair of boots
Gourm  .                        (no amulet)
MR     ++...                    p - +4 ring of protection
                                t - +6 ring of intelligence

@: engulfed, flying, mesmerised, very slightly contaminated, hasted, very quick,
very resistant to hostile enchantments, extremely unstealthy
A: able to fly continuously, large and strong wings, life protection 1,
electricity resistance, unbreathing, evolution 1, petrification resistance, rot
immunity, AC +13
a: Stop Flying, Minor Destruction, Lesser Servant of Makhleb, Major Destruction,
Greater Servant of Makhleb, Renounce Religion
}: 2/15 runes: serpentine, barnacled


You were on level 5 of the Shoals.
You worshipped Makhleb.
Makhleb was exalted by your worship.
You were near starving.

You visited 5 branches of the dungeon, and saw 35 of its levels.
You also visited: Bailey.

You collected 3532 gold pieces.
You spent 2480 gold pieces at shops.

Inventory:

Hand weapons
 u - the +7 falchion of Qeohaen {speed, Contam MR++ Int+1 SInv}
   (You found it on level 4 of the Shoals)

   Attacks with this weapon are significantly faster.
   It affects your intelligence (+1).
   It affects your resistance to hostile enchantments.
   It enhances your eyesight.
   It causes magical contamination when unequipped.
 x - the +2 whip "Lyiceu" {drain, rC- MR++ Int+4}
   (You bought it in a shop on level 4 of the Shoals)

   A truly terrible weapon, it drains the life of those it strikes.
   It affects your intelligence (+4).
   It makes you vulnerable to cold.
   It affects your resistance to hostile enchantments.
 C - the +8 demon whip of Pleprowe (weapon) {drain, MR+}
   (You acquired it on level 5 of the Snake Pit)

   A truly terrible weapon, it drains the life of those it strikes.
   It affects your resistance to hostile enchantments.
 U - the +10 sling of Contradiction {speed, *Tele rElec Int+3 SInv}
   (You found it on level 1 of the Lair of Beasts)

   Attacks with this weapon are significantly faster.
   It affects your intelligence (+3).
   It insulates you from electricity.
   It enhances your eyesight.
   It causes random teleportation.
Missiles
 E - 10 tomahawks of returning (quivered)
 P - 121 sling bullets
 W - 20 exploding sling bullets
 Y - 131 stones
Armour
 c - a +0 shield (worn)
 e - a +0 cloak (worn)
 m - a +1 pair of gloves of archery (worn)
 w - a +0 helmet (worn)
 M - a +0 pair of boots (worn)
 Z - the +5 scale mail of the Sky (worn) {Int+3 SInv}
   (You found it on level 8 of the Lair of Beasts)

   It affects your intelligence (+3).
   It enhances your eyesight.
Magical devices
 a - a wand of draining (6)
 k - a wand of random effects (8)
 l - a wand of polymorph (13)
 y - a wand of digging (6)
 G - a wand of teleportation (4)
 L - a wand of heal wounds (0)
Comestibles
 b - a royal jelly
 f - a bread ration
 q - 18 meat rations
 J - a rotting chunk of sea snake flesh
Scrolls
 i - 2 scrolls of enchant weapon
 s - 13 scrolls of remove curse
 D - 6 scrolls of blinking
 F - a scroll of fog
 N - 10 scrolls of identify
Jewellery
 j - an uncursed ring of teleportation
 n - an uncursed ring of protection from fire
 p - a +4 ring of protection (right hand)
 r - an uncursed ring of fire
 t - a +6 ring of intelligence (left hand)
 v - an uncursed amulet of stasis
 A - an uncursed ring of protection from fire
 K - an uncursed ring of see invisible
 O - the ring of Ghigicuon {SustAb rPois}
   (You bought it in a shop on level 4 of the Orcish Mines)

   [ring of sustain abilities]

   It sustains your strength, intelligence and dexterity.
   It protects you from poison.
 T - an uncursed amulet of clarity
 V - an uncursed ring of protection from cold
 X - an uncursed amulet of resist corrosion
Potions
 g - 6 potions of curing
 h - 2 potions of haste
 o - a potion of brilliance
 z - a potion of agility
 H - a potion of invisibility
Magical staves
 B - an uncursed staff of energy
Miscellaneous
 S - a crystal ball of energy


   Skills:
 - Level 12.1 Fighting
 - Level 16.2 Maces & Flails
 - Level 5.0 Slings
 - Level 8.0 Armour
 * Level 15.7 Shields
 + Level 11.4 Spellcasting
 * Level 12.1 Conjurations
 * Level 11.1 Ice Magic
 - Level 5.4 Invocations


You had 25 spell levels left.
You knew the following spells:

 Your Spells              Type           Power        Failure   Level  Hunger
a - Freeze                Ice            ####         1%          1    None
b - Iskenderun's Mystic   Conj           ######..     1%          4    ##.....
c - Throw Frost           Conj/Ice       ######       1%          2    None
d - Throw Icicle          Conj/Ice       ######..     1%          4    ##.....
e - Ozocubu's Armour      Chrm/Ice       ####......   6%          3    None


Dungeon Overview and Level Annotations

Branches:
Dungeon (13/15) Temple (0/1) D:7 Orc (4/4) D:12 Elf (0/3) Orc:3 Lair (8/8) D:8 Shoals (5/5) Lair:5 Snake (5/5) Lair:3 Slime (0/6) Lair:8 Vaults (0/5) D:12 D:13

Altars:
Ashenzari
Cheibriados
Elyvilon
Fedhas
Makhleb
Nemelex Xobeh
Sif Muna
Trog
Vehumet
Xom
Yredelemnul
Zin
Beogh
Jiyva

Shops:
D:11 }   Orc:4 }*}=   Shoals:4 (   Snake:4 *   Snake:5 ?

Annotations:
D:12 exclusion: 2 downstairs
D:13 Donald, Nessos
Lair:4 Rupert
Shoals:5 Ilsuiw


Innate Abilities, Weirdness & Mutations

You are resistant to torment.
You are immune to poison.
You can fly continuously.
Your stone body is very resilient (AC +13).
Your wings are large and strong.
You resist negative energy.
You are resistant to electric shocks.
You can survive without breathing.
You are immune to petrification.
You are immune to rotting.
You evolve.


Message History

Drink which item? (? for menu, Esc to quit)
You feel yourself speed up.
The merfolk hits you but does no damage.
The water elemental hits you.
The water elemental engulfs you in water!
The mermaid barely misses you.
Ilsuiw sings a strange melody.
Ilsuiw casts a spell.
Ilsuiw blinks!
The merfolk impaler barely misses you.
You block the merfolk javelineer's attack.
The water elemental barely misses you.
The mermaid hits you but does no damage.
You are very lightly contaminated with residual magic.
You whack the water elemental!
The water elemental is almost destroyed.
You block the water elemental's attack. You block the merfolk's attack.
The merfolk impaler hits you but does no damage.
The merfolk javelineer throws a javelin of penetration.
The javelin of penetration pierces through you!!
You die...

≈≈≈≈≈≈≈≈≈≈≈≈≈ ≈≈≈
≈≈≈≈≈≈≈≈≈≈≈≈≈≈≈≈§≈≈≈≈
≈≈≈≈≈≈≈≈≈≈≈≈≈m≈≈≈≈≈≈≈≈
≈≈≈≈≈≈≈≈≈≈≈≈≈≈≈≈≈≈≈≈≈≈≈
≈≈≈≈≈≈≈≈≈≈≈≈≈≈≈≈≈≈≈≈≈≈≈≈
≈≈≈≈≈≈≈≈≈≈≈≈≈≈≈≈≈≈≈≈≈≈≈≈
≈≈≈≈≈≈≈≈≈≈≈≈≈≈≈≈mmm≈≈≈≈#
≈≈≈≈≈≈≈≈)≈≈≈(≈≈≈EEm≈≈≈#
≈≈≈≈≈≈≈≈≈.....≈≈@≈m≈.#
≈≈≈≈≈≈...........≈...≈≈≈≈
≈P≈≈...............m.#≈≈
≈≈P.........%........≈#
≈≈....................≈#
####...................
....#.).....######....
...#.#))...## #...
#≈..#.#(..## .


You could see Ilsuiw (invisible), a merfolk impaler, 2 merfolk javelineers, a
merfolk, 2 water elementals and 2 mermaids.

Vanquished Creatures
  Norris (Shoals:2)
  The ghost of WhatIsLove the Blocker, a powerful FoFi of Okawaru (Lair:8)
  9 greater nagas
  3 orc warlords
  A kraken (Shoals:5)
  A fire dragon (Lair:8)
  Snorg (Shoals:4)
  Josephine (D:10)
  2 merfolk impalers (Shoals:5)
  13 naga warriors
  Erica (Lair:7)
  3 merfolk javelineers (Shoals:5)
  8 anacondas
  4 hydras
  3 merfolk aquamancers
  3 orc high priests (Orc:4)
  3 sirens
  14 naga sharpshooters
  6 shock serpents
  2 unseen horrors (D:12)
  4 salamander mystics
  4 skeletal warriors (D:12)
  8 naga ritualists
  9 sea snakes
  Pikel (D:8)
  2 hill giants
  A lindwurm (Lair:7)
  8 orc knights
  Joseph (D:9)
  An alligator snapping turtle (Shoals:3)
  4 orc sorcerers (Orc:4)
  10 cyclopes
  9 mana vipers
  11 griffons
  2 wolf spiders
  10 manticores
  An oklob plant (Shoals:1)
  A red wasp (Lair:8)
  33 black mambas
  7 salamanders
  3 water nymphs
  24 elephants
  4 guardian serpents
  27 naga magi
  A feature mimic (Orc:4)
  2 torpor snails (Lair:6)
  An item mimic (Lair:3)
  22 harpies
  Psyche (D:8)
  11 spiny frogs
  7 komodo dragons
  8 mermaids
  3 fire drakes
  7 trolls
  Grinder (D:3)
  6 harpy zombies (Shoals:4)
  A two-headed ogre (Orc:4)
  Prince Ribbit (D:5)
  24 blink frogs
  13 merfolk
  A queen bee (Lair:1)
  2 boulder beetles
  A spriggan (D:7)
  3 basilisks
  2 redbacks (Lair:8)
  19 water elementals
  3 wyverns
  A sky beast (D:8)
  9 snapping turtles
  2 hungry ghosts
  Eustachio (D:5)
  A deep elf mage (D:9)
  A wind drake (Shoals:2)
  24 yaks
  Grum (Orc:2)
  12 ugly things
  15 wolves
  3 steam dragons
  A hill giant skeleton (D:10)
  8 hippogriffs
  Edmund (D:6)
  4 mottled dragons (Lair:8)
  A soldier ant (D:10)
  9 wargs
  3 sharks
  36 water moccasins
  37 nagas
  4 spiders (Lair:8)
  7 porcupines
  2 black bears
  2 ice beasts (D:8)
  A slave (D:8)
  11 ogres
  47 orc warriors
  2 phantoms
  2 yellow wasps
  2 swamp drakes (Lair:8)
  A boring beetle (Lair:8)
  A necrophage (D:8)
  The ghost of Persuasio the Covered, an average HuFi (D:3)
  A hill giant simulacrum (D:10)
  20 crocodiles
  Duvessa (D:6)
  6 centaurs
  A komodo dragon zombie (D:8)
  14 giant frogs
  A wyvern zombie (D:10)
  5 big kobolds
  Blork the orc (D:9)
  A troll zombie (D:10)
  A warg zombie (Orc:4)
  4 scorpions
  23 killer bees (Lair:1)
  3 wights (D:8)
  Dowan (D:6)
  5 crimson imps
  3 goliath beetles
  2 centaur zombies
  11 jellies
  11 hounds
  2 centaur skeletons (D:10)
  A giant frog skeleton (D:5)
  32 orc priests
  Natasha (thrice) (D:6)
  11 iguanas
  7 worker ants
  28 orc wizards
  22 sheep
  A hound zombie (D:5)
  An ogre skeleton (D:10)
  A mummy (D:11)
  37 adders
  36 green rats
  8 shadow imps
  3 giant mites
  4 worms
  An ufetubus (D:5)
  3 orc zombies
  An adder zombie (D:9)
  4 giant geckos
  An ooze (D:2)
  182 orcs
  4 ball pythons (Lair:3)
  19 bats
  A bat zombie (D:6)
  4 giant cockroaches
  26 goblins
  25 hobgoblins
  7 jackals (D:3)
  49 kobolds
  13 quokkas
  6 giant newts
  A gnoll zombie (D:6)
  An orc skeleton (D:8)
  30 rats
  A rat zombie (D:8)
  2 ballistomycetes (D:12)
  A fungus (Lair:8)
  A plant (Lair:1)
1353 creatures vanquished.

Vanquished Creatures (others)
  A ghoul (D:1)
  A naga ritualist (Snake:5)
  A draconian (D:1)
  A black mamba (Snake:4)
  An elephant (Lair:8)
  2 drowned souls
  2 vine stalkers (D:1)
  An elf (D:1)
  2 trolls (D:1)
  A formicid (D:1)
  A human (D:12)
  A deep elf fighter (D:8)
  3 slaves (D:8)
  3 dwarves (D:1)
  An ogre (D:1)
  A crocodile (Lair:8)
  A giant frog (D:8)
  An orc wizard (D:8)
  A green rat (D:8)
  3 orcs
  2 kobolds (D:1)
  2 giant spores
  5 fungi
  16 plants
  30 tentacles
  133 tentacle segments
217 creatures vanquished.

Grand Total: 1570 creatures vanquished

Notes
Turn   | Place    | Note
--------------------------------------------------------------
     0 | D:1      | Impoz, the Gargoyle Fighter, began the quest for the Orb.
     0 | D:1      | Reached XP level 1. HP: 14/14 MP: 1/1
     2 | D:1      | Noticed a draconian
     2 | D:1      | Noticed a troll
     2 | D:1      | Noticed a vine stalker
     2 | D:1      | Noticed a dwarf
     2 | D:1      | Noticed a kraken
     2 | D:1      | Noticed a formicid
     2 | D:1      | Noticed a dwarf
     2 | D:1      | Noticed a troll
     2 | D:1      | Noticed a dwarf
     2 | D:1      | Noticed a ghoul
     2 | D:1      | Noticed a vine stalker
     2 | D:1      | Noticed an elf
     2 | D:1      | Noticed an ogre
     5 | D:1      | Killed a dwarf
     7 | D:1      | Killed a formicid
     8 | D:1      | Killed a troll
    12 | D:1      | Killed a draconian
    14 | D:1      | Killed a dwarf
    17 | D:1      | Killed a troll
    18 | D:1      | Killed a ghoul
    20 | D:1      | Killed a dwarf
    23 | D:1      | Killed a vine stalker
    23 | D:1      | Killed an ogre
    23 | D:1      | Killed an elf
    25 | D:1      | Killed a vine stalker
   266 | D:1      | Reached XP level 2. HP: 19/19 MP: 2/2
   749 | D:1      | Reached XP level 3. HP: 24/24 MP: 3/3
   936 | D:2      | Reached skill level 4 in Fighting
   936 | D:2      | Reached XP level 4. HP: 29/29 MP: 4/4
  1063 | D:2      | Found a sparkling altar of Nemelex Xobeh.
  1191 | D:2      | Reached XP level 5. HP: 31/33 MP: 5/5
  1973 | D:3      | Noticed Grinder
  1986 | D:4      | Noticed a phantom
  2129 | D:3      | Killed Grinder
  2129 | D:3      | Reached skill level 5 in Fighting
  2129 | D:3      | Reached XP level 6. HP: 14/40 MP: 6/6
  2465 | D:3      | Noticed Persuasio's ghost (average HuFi)
  2476 | D:3      | Killed Persuasio's ghost
  2476 | D:3      | Reached XP level 7. HP: 40/44 MP: 7/7
  2854 | D:4      | Reached skill level 5 in Maces & Flails
  3143 | D:4      | Found a white marble altar of Elyvilon.
  3145 | D:4      | Found a deep blue altar of Sif Muna.
  3145 | D:4      | Found a shimmering altar of Xom.
  3299 | D:4      | Noticed an ogre
  3308 | D:4      | Killed an ogre
  3532 | D:4      | Killed a phantom
  3532 | D:4      | Reached skill level 5 in Shields
  3576 | D:4      | Reached skill level 5 in Armour
  3802 | D:5      | Entered Level 5 of the Dungeon
  3915 | D:5      | Reached XP level 8. HP: 25/50 MP: 8/8
  4149 | D:5      | Noticed Prince Ribbit
  4334 | D:5      | Found a snail-covered altar of Cheibriados.
  4341 | D:5      | Reached skill level 6 in Maces & Flails
  4650 | D:5      | Noticed Eustachio
  4739 | D:5      | Killed Eustachio
  5261 | D:6      | Reached skill level 7 in Maces & Flails
  5430 | D:6      | Noticed Natasha
  5436 | D:6      | Killed Natasha
  5466 | D:6      | Noticed Edmund
  5491 | D:6      | Killed Edmund
  5551 | D:6      | Noticed Duvessa
  5553 | D:6      | Noticed Dowan
  5562 | D:6      | Killed Duvessa
  5575 | D:6      | Killed Dowan
  5575 | D:6      | Reached XP level 9. HP: 48/56 MP: 9/9
  5785 | D:6      | Noticed Natasha
  5822 | D:6      | Killed Natasha
  6021 | D:7      | Found a burning altar of Makhleb.
  6046 | D:7      | Became a worshipper of Makhleb the Destroyer
  6067 | D:7      | Found a bloodstained altar of Trog.
  6306 | D:7      | Found a staircase to the Ecumenical Temple.
  6424 | D:7      | Noticed a hill giant
  6642 | D:6      | Noticed Natasha
  6683 | D:6      | Killed Natasha
  6779 | D:8      | Reached skill level 8 in Maces & Flails
  6887 | D:8      | Acquired Makhleb's first power
  7008 | D:8      | Got an amethyst-studded leather armour
  7019 | D:8      | Identified the cursed -5 leather armour of Modesty {Str-3 Int+5} (You found it on level 8 of the Dungeon)
  7133 | D:8      | Noticed Pikel
  7151 | D:8      | Killed Pikel
  7234 | D:8      | Reached skill level 9 in Maces & Flails
  7422 | D:8      | Reached XP level 10. HP: 58/63 MP: 10/10
  7780 | D:8      | Found a basalt altar of Yredelemnul.
  8059 | D:8      | Acquired Makhleb's second power
  8137 | D:8      | Learned a level 1 spell: Freeze
  8239 | D:8      | Found a staircase to the Lair.
  8309 | D:8      | Reached skill level 1 in Spellcasting
  8314 | D:8      | Noticed Psyche
  8332 | D:8      | Killed Psyche
  8345 | D:8      | Found a blossoming altar of Fedhas.
  8460 | D:9      | Reached skill level 1 in Ice Magic
  8507 | D:9      | Reached skill level 10 in Maces & Flails
  8555 | D:9      | Noticed Blork the orc
  8556 | D:9      | Noticed Joseph
  9039 | D:9      | Acquired Makhleb's third power
  9083 | D:9      | Found a radiant altar of Vehumet.
  9252 | D:9      | Killed Blork the orc
  9277 | D:9      | Killed Joseph
  9277 | D:9      | Reached XP level 11. HP: 68/68 MP: 18/20
  9517 | D:10     | Entered Level 10 of the Dungeon
  9563 | D:10     | Found a flagged portal.
  9601 | Bailey   | Entered a bailey
  9725 | Bailey   | Noticed an orc knight
  9738 | Bailey   | Killed an orc knight
  9963 | D:10     | Acquired Makhleb's fourth power
 10131 | D:10     | Noticed Josephine
 10282 | D:10     | Killed Josephine
 10394 | D:10     | Reached skill level 11 in Maces & Flails
 10460 | D:10     | Reached skill level 5 in Spellcasting
 11113 | D:11     | Found Efo Thef's Gadget Shop.
 12234 | D:12     | Noticed a hill giant
 12240 | D:12     | Killed a hill giant
 12511 | D:12     | Killed an unseen horror
 12617 | D:12     | Found a staircase to the Orcish Mines.
 12708 | D:12     | Noticed a skeletal warrior
 12708 | D:12     | Noticed a skeletal warrior
 12708 | D:12     | Noticed a skeletal warrior
 12718 | D:13     | Found a gate to the Vaults.
 12718 | D:13     | Noticed Donald
 12718 | D:13     | Noticed a hill giant
 12718 | D:13     | Noticed a skeletal warrior
 12718 | D:13     | Noticed Nessos
 12745 | D:12     | Reached XP level 12. HP: 68/75 MP: 25/25
 12905 | D:12     | Killed an unseen horror
 13170 | Lair:1   | Entered Level 1 of the Lair of Beasts
 13188 | Lair:1   | Got a fine sling
 13212 | Lair:1   | Identified the +10 sling of Contradiction {speed, *Tele rElec Int+3 SInv} (You found it on level 1 of the Lair of Beasts)
 13503 | D:7      | Killed a hill giant
 13540 | D:7      | Reached skill level 1 in Slings
 13728 | D:5      | Acquired Makhleb's fifth power
 13752 | D:5      | Killed Prince Ribbit
 14523 | Lair:1   | Reached skill level 12 in Maces & Flails
 14572 | Lair:1   | Reached skill level 10 in Shields
 15184 | Lair:2   | Got an ivory trident
 15185 | Lair:2   | Identified the +2 trident "Goblin's Regret" {pierce, +Inv SInv} (You found it on level 2 of the Lair of Beasts)
 15794 | Lair:2   | Found a glowing silver altar of Zin.
 16565 | Lair:3   | Reached XP level 13. HP: 80/80 MP: 28/28
 16976 | Lair:3   | Reached skill level 5 in Slings
 16977 | Lair:3   | Found a staircase to the Snake Pit.
 17208 | Lair:3   | Noticed a six-headed hydra
 17221 | Lair:3   | Killed a six-headed hydra
 17485 | Lair:3   | Reached skill level 10 in Fighting
 17787 | Lair:4   | Reached skill level 13 in Maces & Flails
 18084 | Lair:4   | Noticed Rupert
 18732 | Lair:4   | Paralysed by Rupert for 6 turns
 18832 | Lair:5   | Identified a +3 rod of striking (9/9) (You found it on level 5 of the Lair of Beasts)
 19545 | Lair:5   | Found a staircase to the Shoals.
 19944 | Lair:2   | Noticed a seven-headed hydra
 19953 | Lair:2   | Killed a seven-headed hydra
 20705 | Lair:6   | Got a slimy quarterstaff
 20774 | Lair:6   | Identified the +7 quarterstaff "Hydrabane" {flame, -Cast +Blink +Inv +Fly rF+ Str-2} (You found it on level 6 of the Lair of Beasts)
 20964 | Lair:6   | Reached skill level 14 in Maces & Flails
 20964 | Lair:6   | Gained mutation: Your wings are large and strong. [gargoyle growth]
 20964 | Lair:6   | Reached XP level 14. HP: 83/88 MP: 30/30
 21445 | Lair:7   | Reached skill level 5 in Ice Magic
 21568 | Lair:7   | Reached skill level 1 in Invocations
 21626 | Lair:7   | Noticed Erica
 21640 | Lair:7   | Killed Erica
 21845 | Lair:7   | Identified a scroll of acquirement
 22084 | Lair:8   | Entered Level 8 of the Lair of Beasts
 22106 | Lair:8   | Found a viscous altar of Jiyva.
 22374 | Lair:8   | Found a staircase to the Slime Pits.
 23054 | Lair:8   | Learned a level 4 spell: Iskenderun's Mystic Blast
 23412 | Lair:8   | Reached skill level 1 in Conjurations
 23856 | Lair:8   | Noticed WhatIsLove's ghost (powerful FoFi)
 23928 | Lair:8   | Killed WhatIsLove's ghost
 24044 | Lair:8   | Reached skill level 15 in Maces & Flails
 24132 | Lair:8   | Got a dazzling scale mail
 24135 | Lair:8   | Identified the +5 scale mail of the Sky {Int+3 SInv} (You found it on level 8 of the Lair of Beasts)
 24695 | D:12     | Noticed a skeletal warrior
 24695 | D:12     | Killed a skeletal warrior
 24695 | D:12     | Reached XP level 15. HP: 95/95 MP: 32/32
 24709 | D:12     | Killed a skeletal warrior
 24728 | D:12     | Killed a skeletal warrior
 24747 | D:12     | Killed a skeletal warrior
 24911 | D:12     | Got an encrusted hand axe
 24912 | D:12     | Identified the +10 hand axe "Ekunasi" {freeze, Int+3} (You took it off a kobold on level 12 of the Dungeon)
 24944 | D:12     | Found a shattered altar of Ashenzari.
 25388 | Orc:1    | Entered Level 1 of the Orcish Mines
 25548 | Orc:1    | Found a roughly hewn altar of Beogh.
 26649 | Orc:3    | Found a staircase to the Elven Halls.
 27105 | Orc:2    | Noticed Grum
 27141 | Orc:2    | Killed Grum
 27404 | Orc:4    | Entered Level 4 of the Orcish Mines
 27507 | Orc:4    | Found a labyrinth entrance.
 27511 | Orc:4    | the labyrinth entrance was a mimic.
 27894 | Orc:4    | Found Graifigu's Jewellery Shoppe.
 28005 | Orc:4    | Reached skill level 5 in Conjurations
 29007 | Orc:4    | Found Klyuniona's Gadget Shoppe.
 29124 | Orc:4    | Reached skill level 5 in Invocations
 29193 | Orc:4    | Found Ypoprim's Gadget Shop.
 29198 | Orc:4    | Found Yrrimua's General Store.
 29233 | Orc:4    | Bought a potion of heal wounds for 39 gold pieces
 29236 | Orc:4    | Bought a wand of heal wounds (5) for 594 gold pieces
 29249 | Orc:4    | Bought the ring of Ghigicuon {SustAb rPois} for 487 gold pieces
 30906 | Orc:4    | Got a twisted spear
 31374 | Lair:2   | Identified the +12 spear of Senk {venom, rElec Int-5} (You took it off an orc warrior on level 4 of the Orcish Mines)
 31411 | Lair:2   | Learned a level 2 spell: Throw Frost
 31416 | Lair:2   | Learned a level 4 spell: Throw Icicle
 31420 | Lair:2   | Learned a level 3 spell: Ozocubu's Armour
 31464 | Snake:1  | Entered Level 1 of the Snake Pit
 32393 | Snake:2  | Reached XP level 16. HP: 89/101 MP: 14/33
 32609 | Snake:2  | Reached skill level 10 in Spellcasting
 34217 | Snake:3  | Reached skill level 16 in Maces & Flails
 35199 | Snake:4  | Found Shrask Ralu's Assorted Antiques.
 35207 | Snake:4  | Bought a large granite ring for 155 gold pieces
 36127 | Snake:5  | Entered Level 5 of the Snake Pit
 36141 | Snake:5  | Found Fuffiogo's Magic Scroll Emporium.
 36148 | Snake:5  | Bought a scroll of acquirement for 988 gold pieces
 36151 | Snake:5  | Got an ivory demon whip
 36152 | Snake:5  | Identified the +8 demon whip of Pleprowe {drain, MR+} (You acquired it on level 5 of the Snake Pit)
 36183 | Snake:5  | Found a shimmering altar of Xom.
 36973 | Snake:5  | Reached XP level 17. HP: 58/106 MP: 34/34
 37624 | Snake:5  | Reached skill level 10 in Conjurations
 37683 | Snake:5  | Got a serpentine rune of Zot
 38212 | Lair:2   | Upgraded the game from 0.15-a0-1788-ga796aff to 0.15-a0-1798-g4683f23
 38325 | Shoals:1 | Entered Level 1 of the Shoals
 38716 | Shoals:1 | Found a basalt altar of Yredelemnul.
 39043 | Shoals:2 | Reached skill level 10 in Ice Magic
 39135 | Shoals:2 | Noticed Norris
 39218 | Shoals:2 | Killed Norris
 39218 | Shoals:2 | Reached skill level 15 in Shields
 39367 | Shoals:2 | Gained mutation: You evolve. [potion of beneficial mutation]
 40233 | Shoals:3 | Reached XP level 18. HP: 112/112 MP: 36/36
 40869 | Shoals:4 | Noticed Snorg
 40889 | Shoals:4 | Killed Snorg
 41190 | Shoals:4 | Got a shimmering falchion
 41191 | Shoals:4 | Identified the +7 falchion of Qeohaen {speed, Contam MR++ Int+1 SInv} (You found it on level 4 of the Shoals)
 41437 | Shoals:4 | Found Siacs' Antique Weapon Shoppe.
 41460 | Shoals:4 | Bought a polished whip for 217 gold pieces
 41462 | Shoals:4 | Identified the +2 whip "Lyiceu" {drain, rC- MR++ Int+4} (You bought it in a shop on level 4 of the Shoals)
 41740 | Shoals:5 | Entered Level 5 of the Shoals
 42516 | Shoals:5 | Got a barnacled rune of Zot
 42598 | Shoals:5 | Noticed Ilsuiw
 42613 | Shoals:5 | Hit by a javelin of penetration thrown by a merfolk javelineer

Action                   |  1- 3 |  4- 6 |  7- 9 | 10-12 | 13-15 | 16-18 || total
-------------------------+-------+-------+-------+-------+-------+-------++-------
Melee: Flail             |    82 |   196 |   594 |  1416 |  3285 |   816 ||  6389
       Rod               |       |       |       |       |   216 |       ||   216
       Dire flail        |       |       |       |       |    16 |       ||    16
       Demon whip        |       |       |       |       |       |  1381 ||  1381
 Fire: Shortbow          |       |       |       |    15 |       |       ||    15
       Sling             |       |       |       |    25 |   163 |    29 ||   217
Throw: Tomahawk          |       |       |       |    28 |     1 |       ||    29
 Cast: Throw Icicle      |       |       |       |       |       |     1 ||     1
Invok: Minor Destruction |       |       |       |     3 |       |       ||     3
 Abil: Fly               |       |       |       |       |     1 |       ||     1
Evoke: Wand              |       |       |     2 |    41 |    47 |    10 ||   100
  Use: Potion            |       |     3 |     6 |     9 |    13 |     9 ||    40
       Scroll            |       |       |     8 |    23 |    21 |    15 ||    67
 Stab: Paralysed         |       |       |       |     1 |       |       ||     1
       Distracted        |       |       |       |       |     1 |       ||     1
